 Dungeon Crawl Stone Soup version 0.20.1-1-g8b1a95d (console) character file.

4 bli the Magician (level 1, -1/10 HPs)
             Began as a Gargoyle Wanderer on Aug 20, 2017.
             Slain by a goblin
             ... wielding a +0 club
              (4 damage)
             ... on level 1 of the Dungeon on Sept 4, 2017.
             The game lasted 00:03:04 (484 turns).

bli the Magician (Gargoyle Wanderer)                 Turns: 484, Time: 00:03:05

Health: -1/10      AC:  4    Str: 12    XL:     1   Next: 70%
Magic:  3/3        EV: 12    Int: 11    God:
Gold:   33         SH:  0    Dex: 13    Spells: 4/4 levels left

rFire    . . .     SeeInvis .   e - +0 dagger
rCold    . . .     Gourm    .   (no shield)
rNeg     + . .     Faith    .   d - +0 robe
rPois    ∞         Spirit   .   (no helmet)
rElec    +         Reflect  .   (no cloak)
rCorr    .         Harm     .   (no gloves)
MR       .....                  (no boots)
Stlth    +.........             (no amulet)
Regen    0.1/turn               (no ring)
MPRegen  0.1/turn               (no ring)

@: no status effects
A: negative energy resistance 1, electricity resistance, unbreathing,
petrification resistance, rot immunity, AC +2
a: no special abilities


You were on level 1 of the Dungeon.
You were not hungry.

You visited 1 branch of the dungeon, and saw 1 of its levels.

You collected 33 gold pieces.

Inventory:

Hand Weapons
 e - a +0 dagger (weapon)
Missiles
 o - 35 stones (quivered)
 t - 13 arrows
Armour
 d - a +0 robe (worn)
 g - a +0 leather armour
 n - a +0 ring mail
Scrolls
 h - 3 scrolls of identify {unknown}
 j - a scroll of remove curse {unknown}
 k - a scroll of fear {unknown}
 m - a scroll of enchant weapon {unknown}
 p - a scroll of teleportation {unknown}
 q - a scroll of random uselessness {unknown}
 s - a scroll of immolation {unknown}
Potions
 c - a potion of curing
 i - a potion of agility {unknown}
 l - a potion of brilliance {unknown}
Books
 a - a book of Changes

   Spells                             Type                      Level
   a - Beastly Appendage              Transmutation                1
   b - Sticks to Snakes               Transmutation                2
   c - Spider Form                    Transmutation/Poison         3
   d - Ice Form                       Ice/Transmutation            4
   e - Blade Hands                    Transmutation                5
 b - the Papyrus of Ointment

   Spells                             Type                      Level
   a - Apportation                    Translocation                1
   b - Teleport Other                 Translocation                3
Comestibles
 f - 2 bread rations
 r - 4 fruits


   Skills:
 + Level 1.9 Short Blades
 - Level 1.0 Throwing
 + Level 1.0 Dodging
 + Level 2.2 Spellcasting
   Level 1.1 Conjurations
   Level 1.5 Transmutations
   Level 1.0 Evocations


You had 4 spell levels left.
You didn't know any spells.

Dungeon Overview and Level Annotations

Branches:
Dungeon (1/15)

Altars:


Innate Abilities, Weirdness & Mutations

You are resistant to torment.
Your stone body is resilient. (AC +2)
You are immune to poison.
You resist negative energy. (rN+)
You are resistant to electric shocks. (rElec)
You can survive without breathing.
You are immune to petrification.
You are immune to rotting.


Message History

The hobgoblin is severely wounded.
The hobgoblin barely misses you.
You closely miss the hobgoblin.
The hobgoblin is severely wounded.
The hobgoblin barely misses you.
You barely miss the hobgoblin.
The hobgoblin is severely wounded.
The hobgoblin misses you.
You hit the hobgoblin.
You kill the hobgoblin!
s - a scroll labeled JUIRYDD NIODE
h - 3 scrolls labeled NOLUPTELUA (gained 1)
t - 13 arrows
Found a stone staircase leading down.
A goblin comes into view. It is wielding a club.
The goblin shouts!
The goblin hits you but does no damage.
You closely miss the goblin. You barely miss the goblin.
The goblin hits you with a club.
You die...

#.......# ##.
#.......# ##.#
#.......###.## .#...
#############.##
..... ..# #..##
#...##.# #.#.#
#....#.#
#########.##. #
.....# #.. ...#.###
#.##(#.# #.#####>#.#
#
#......###.##......#
#g@........##.###
###.###.#####.# ...#
#.......# #####
#########


You could see a goblin.

Vanquished Creatures
  A bat (D:1)
  A hobgoblin (D:1)
  A ball python (D:1)
  2 rats (D:1)
5 creatures vanquished.

Notes
Turn   | Place    | Note
-------+----------+-------------------------------------------
     0 | D:1      | bli the Gargoyle Wanderer began the quest for the Orb.
     0 | D:1      | bli set off with: a book of Changes, the Papyrus of Ointment, a potion of curing, a +0 robe, a +0 dagger, a bread ration
     0 | D:1      | Reached XP level 1. HP: 10/10 MP: 3/3
     4 | D:1      | Identified the Papyrus of Ointment
   484 | D:1      | Slain by a goblin

Action                   || total
-------------------------++-------
Melee: Dagger            ||    36
 Stab: Sleeping          ||     1
Armor: Robe              ||    23
Dodge: Dodged            ||    29
